 Dungeon Crawl Stone Soup version 0.29.1-1-gd02db6906a (webtiles) character file.

Game seed: 13711673156909776023

156 Ashen the Chiller (level 5, 24/38 HPs)
             Began as a Demonspawn Ice Elementalist on Oct 20, 2022.
             Got out of the dungeon alive.
             The game lasted 00:05:39 (2469 turns).

Ashen the Chiller (Demonspawn Ice Elementalist)     Turns: 2469, Time: 00:05:40

Health: 24/38      AC:  3    Str:  8    XL:     5   Next: 15%
Magic:  9/9        EV: 12    Int: 18    God:
Gold:   59         SH:  0    Dex: 14    Spells: 2/9 levels left

rFire   . . .      SeeInvis .   o - +1 dagger (venom)
rCold   . . .      Faith    .   (no shield)
rNeg    . . .      Spirit   .   g - +0 leather armour
rPois   .          Reflect  .   (helmet restricted)
rElec   .          Harm     .   (no cloak)
rCorr   .          Rampage  .   (no gloves)
Will    .....                   (no boots)
Stlth   ++........              (no amulet)
HPRegen 0.12/turn               (no ring)
MPRegen 0.11/turn               (no ring)

@: no status effects
A: horns 1, foul stench 1, demonic magic 1
a: no special abilities


You escaped.
You visited 1 branch of the dungeon, and saw 3 of its levels.

You collected 59 gold pieces.

Inventory:

Hand Weapons
 d - a +1 short sword of speed
 o - a +1 dagger of venom (weapon)
Armour
 g - a +0 leather armour (worn)
Magical Staves
 p - a staff of cold
Scrolls
 f - 3 scrolls of identify {unknown}
 i - a scroll of poison {unknown}
 j - a scroll of fear {unknown}
Potions
 b - a potion of magic
 c - a potion of lignification {unknown}
 h - a potion of heal wounds {unknown}
 k - a potion of resistance {unknown}
 l - a potion of brilliance {unknown}
 m - a potion of flight {unknown}
 n - a potion of haste {unknown}


   Skills:
 + Level 2.0 Fighting
 + Level 2.6 Dodging
 + Level 2.8 Stealth
 + Level 2.8 Spellcasting
 + Level 4.1 Ice Magic


You had 2 spell levels left.
You knew the following spells:

 Your Spells              Type           Power      Damage    Failure   Level
a - Freeze                Ice            68%        1d8       4%          1
b - Frozen Ramparts       Ice            34%        1d6       13%         3
c - Ozocubu's Armour      Ice            17%        N/A       13%         3

Your spell library contained the following spells:

 Spells                   Type           Power      Damage    Failure   Level
 Apportation              Tloc           4%         N/A       24%         1
 Dazzling Flash           Conj/Hex       4%         N/A       58%         3
 Hailstorm                Conj/Ice       10%        3d5       71%         4
 Iskenderun's Mystic Bla  Conj/Tloc      2%         2d3       94%         4
 Alistair's Intoxication  Tmut/Pois      1%         N/A       100%        5
 Starburst                Conj/Fire      1%         6d3       100%        6


Dungeon Overview and Level Annotations

Branches:
Dungeon (3/15)

Altars:


Innate Abilities, Weirdness & Mutations

You have a pair of small horns on your head.
You may rarely emit foul miasma when damaged in melee.
Spells you cast may paralyse adjacent enemies.


Message History

Okay, then.
Casting: Frozen Ramparts (quite dangerous; 14% risk of failure)
Confirm with . or Enter, or press ? or * to list all spells.
The spell is quite dangerous to miscast (14% risk of failure)!
Continue anyway?
Casting: Frozen Ramparts (quite dangerous; 14% risk of failure)
Press: ? - help, Dir - look around, f - activate The walls around you are covered in ice.
Malevolent energies surge around you.
The gnoll suddenly stops moving!
The wall freezes the gnoll. x2
The gnoll hits you from afar with a +0 halberd!
The helpless gnoll fails to defend itself.
You puncture the gnoll!
You kill the gnoll!
The wall freezes the gnoll.
The gnoll hits you from afar with a +0 halberd!
Your Fighting skill increases to level 2!
Unknown command.
The wall freezes the gnoll.
The gnoll barely misses you.
The wall freezes the gnoll.
The gnoll hits you from afar with a +0 halberd.
The wall freezes the gnoll.
The gnoll barely misses you.
The wall freezes the gnoll.
You kill the gnoll!
(D) Dungeon
Where to? (Enter - D:2 @ (x,y), ? - help)
What level of the Dungeon? (default 1, ? - help)
Your icy armour cracks and falls away as you move.
The frozen ramparts melt away as you move.
You see here a +0 spear of venom.
Found a pair of boots.
There is a stone staircase leading up here.
You climb upwards.
There is a stone staircase leading down here.
There is a stone staircase leading up here.
You climb upwards.
There is a stone staircase leading down here.
Magic restored.
There is a staircase leading out of the dungeon here.
Are you sure you want to leave the Dungeon?
This will make you lose the game!
You have escaped!

#.# ##..§§§§.......# #.#
##.....§.####.... #.# #......###
###.. #.# ##.....## ##. #.#
#.....## ## #.# #.....# # #.#
#....## # ###.# ##....# #...#
#8@...# #...# ##....## # #...#
#.....# # ###)### #.....## ##
#.....# #......## ##.
#.....###### ##......### ###..
#.....#....######....§§..####....
#...............##....§§§§§......
#...............###...§§§.§.....#


There were no monsters in sight!

Vanquished Creatures
  An orc priest (D:3)
  4 gnolls (D:3)
  3 adders (D:2)
  2 worms (D:2)
  2 orcs (D:3)
  3 endoplasms (D:1)
  2 giant cockroaches
  5 goblins
  4 hobgoblins
  3 quokkas
  6 ball pythons
  2 bats (D:1)
  7 frilled lizards
  7 kobolds
  6 rats
57 creatures vanquished.

Vanquished Creatures (others)
  4 plants (D:1)
  A withered plant (D:1)
5 creatures vanquished.

Grand Total: 62 creatures vanquished

Notes
Turn   | Place    | Note
-------+----------+-------------------------------------------
     0 | D:1      | Ashen the Demonspawn Ice Elementalist began the quest for
                  | the Orb.
     0 | D:1      | Reached XP level 1. HP: 13/13 MP: 3/3
   656 | D:1      | Gained mutation: You have a pair of small horns on your
                  | head. [demonic ancestry]
   656 | D:1      | Reached XP level 2. HP: 20/20 MP: 5/5
   819 | D:1      | Found a faded altar of an unknown god.
  1191 | D:1      | Reached skill level 1 in Fighting
  1405 | D:2      | Gained mutation: Spells you cast may paralyse adjacent
                  | enemies. [demonic ancestry]
  1405 | D:2      | Reached XP level 3. HP: 26/26 MP: 6/6
  1922 | D:2      | Reached XP level 4. HP: 26/32 MP: 5/7
  2044 | D:2      | Learned a level 3 spell: Frozen Ramparts
  2048 | D:2      | Learned a level 3 spell: Ozocubu's Armour
  2206 | D:3      | Reached skill level 4 in Ice Magic
  2371 | D:3      | Gained mutation: You may rarely emit foul miasma when
                  | damaged in melee. [demonic ancestry]
  2371 | D:3      | Reached XP level 5. HP: 37/38 MP: 2/9
  2469 | D:$      | Got out of the dungeon alive.

Illustrated notes

Levels and vault maps discovered:
D:1:      heliophobic_arrival_dark_side_of_the_moon, layout_basic,
          shapermc_ecumenical_altar_flowoftime, reono_crystal_passage
D:2:      layout_basic, hex_medium, grunt_ministairs_1, minmay_pentomino_o4
D:3:      layout_loops_cross

Skill      XL: |  1  2  3  4  5 |
---------------+----------------+-----
Stealth        | 2 |  2.8
Dodging        | 2 |  2.6
Fighting       | 1 2 |  2.0
Ice Magic      | 4 |  4.1
Spellcasting   | |  2.8

Action                   |  1- 3 |  4- 6 || total
-------------------------+-------+-------++-------
Melee: Short sword       |    71 |       ||    71
       Unarmed           |     1 |       ||     1
       Headbutt          |    19 |     5 ||    24
       Punch             |     2 |       ||     2
       Dagger            |    10 |    31 ||    41
       Staff             |     5 |       ||     5
 Cast: Freeze            |    38 |     2 ||    40
       Frozen Ramparts   |       |     2 ||     2
       Ozocubu's Armour  |       |     1 ||     1
 Stab: Sleeping          |     4 |       ||     4
       Paralysed         |    11 |     2 ||    13
Armor: Robe              |     5 |       ||     5
       Leather armour    |    12 |     5 ||    17
Dodge: Dodged            |    37 |    14 ||    51
